Map: King Sejong Station LE

Players

SeleCT - Winner!

  • Race: Terran Terran
  • League: Grandmaster

Nathanias

  • Race: Terran Terran
  • League: Master

VOD

Have the link to the VOD?

Description

Micro win!

Time

  • Played on: July 7, 2016, 5:13 p.m.
  • Length: 3:10
Show
View Real Time Build Order
Export as new Build Order

SeleCT Terran - Winner!

Build Orders:  

Get SALT Encoding   

  12  0:00  SCV  
  13  0:13  Supply Depot  
  13  0:37  Barracks  
  13  0:46  Barracks  
  13  1:01  Barracks  
  13  1:06  SCV  
  14  1:23  Marine  
  15  1:29  Barracks  
  15  1:33  Marine  
  16  1:41  Marine  
  17  1:49  Marine  
  17  1:50  Marine  
  19  1:59  Marine  
  20  2:05  Supply Depot  
  20  2:06  Marine  
  21  2:15  Marine  
  22  2:17  Marine  
  22  2:23  Marine  
  22  2:27  Marine  
  22  2:33  Marine  
  22  2:35  Marine  
  24  2:41  Marine  
  23  2:44  Marine  
  23  2:50  Marine  
Show
View Real Time Build Order
Export as new Build Order

Nathanias Terran 

Build Orders:  

Get SALT Encoding   

  12  0:01  SCV  
  13  0:13  SCV  
  14  0:18  Supply Depot  
  14  0:25  SCV  
  14  0:28  Refinery  
  15  0:39  SCV  
  16  0:45  Barracks  
  16  0:51  SCV  
  16  0:56  Refinery  
  17  1:03  SCV  
  18  1:16  SCV  
  19  1:28  SCV  
  20  1:33  Factory  
  20  1:34  Reaper  
  21  1:41  Orbital Command  
  21  1:56  Supply Depot  
  21  2:07  Reaper, SCV  
  22  2:19  SCV  
  23  2:26  Hellion  
  21  2:37  Bunker  
  21  2:45  SCV  
Tags
 
Add a new tag
Caveats
  • Supply blocks, unpowered buildings, or Contaminate may cause inaccurate times.
  • Supply counts are checked every 10 seconds.